 Dungeon Crawl Stone Soup version 0.28-a0-925-gd5e1996cdb (webtiles) character file.

Game seed: 12711098144521315877

14 lawman0 the Caller (level 2, 19/19 HPs)
             Began as a Barachi Summoner on Nov 26, 2021.
             Was a Follower of Kikubaaqudgha.
             Quit the game on level 1 of the Dungeon.
             The game lasted 00:01:08 (1035 turns).

lawman0 the Caller (Barachi Summoner)               Turns: 1035, Time: 00:01:09

Health: 19/19      AC:  2    Str:  9    XL:     2   Next: 45%
Magic:  5/5        EV: 12    Int: 15    God:    Kikubaaqudgha [*.....]
Gold:   25         SH:  0    Dex: 12    Spells: 3/6 levels left

rFire   . . .      SeeInvis .   b - +0 club
rCold   . . .      Faith    .   (no shield)
rNeg    . . .      Spirit   .   a - +0 robe
rPois   .          Reflect  .   (no helmet)
rElec   .          Harm     .   (no cloak)
rCorr   .          Rampage  .   (no gloves)
Will    .....                   (no boots)
Stlth   ++........              (no amulet)
HPRegen 0.06/turn               (no ring)
MPRegen 0.09/turn               (no ring)

@: slow
A: amphibious, slowness 1, strong legs 1, +LOS
a: Hop, Renounce Religion, Receive Corpses


You were on level 1 of the Dungeon.
You worshipped Kikubaaqudgha.
Kikubaaqudgha was aware of your devotion.
You visited 1 branch of the dungeon, and saw 1 of its levels.

You collected 25 gold pieces.

Inventory:

Hand Weapons
 b - a +0 club (weapon)
Armour
 a - a +0 robe (worn)
Scrolls
 e - a scroll of teleportation {unknown}
Potions
 c - a potion of degeneration {unknown}
 d - a potion of magic {unknown}


   Skills:
 + Level 2.1 Dodging
 + Level 1.7 Stealth
 + Level 2.5 Spellcasting
 * Level 5.3 Summonings


You had 3 spell levels left.
You knew the following spells:

 Your Spells              Type           Power      Damage    Failure   Level
a - Summon Small Mammal   Summ           72%        N/A       2%          1
b - Call Imp              Summ           18%        N/A       3%          2

Your spell library contained the following spells:

 Spells                   Type           Power      Damage    Failure   Level
 Call Canine Familiar     Summ           18%        N/A       7%          3
 Animate Skeleton         Necr           2%         N/A       22%         1
 Pain                     Necr           4%         1d4       22%         1
 Summon Guardian Golem    Hex/Summ       9%         N/A       22%         3
 Sublimation of Blood     Necr           1%         N/A       32%         2
 Vampiric Draining        Necr           1%         2d6       54%         3
 Summon Lightning Spire   Summ/Air       9%         N/A       56%         4


Dungeon Overview and Level Annotations

Branches:
Dungeon (1/15)

Altars:
Kikubaaqudgha


Innate Abilities, Weirdness & Mutations

You are amphibious.
You cover ground slowly.
You can hop short distances.
You have an extended range of vision and can be seen from far away.


Message History

The quokka is moderately wounded.
The quokka twitches its whiskers.
The quokka barely misses you.
Your rat closely misses the quokka.
The quokka bites you.
You barely miss the quokka.
The quokka is moderately wounded.
Your rat barely misses the quokka.
The quokka closely misses you.
Your rat barely misses the quokka.
You hit the quokka.
You kill the quokka!
You see here a quokka corpse.
Your rat disappears in a puff of smoke!
Found a club.
Found a faded altar of an unknown god.
You see here a +0 club.
Key pressed, stopping explore.
d - a lumpy inky potion
e - a scroll labelled TISKASCHE OXKU You now have 25 gold pieces (gained 9).
Key pressed, stopping explore.
You see here a quokka skeleton.
Done exploring.
Done exploring.
Done exploring.
Done exploring.
There is a faded altar of an unknown god here.
There is a faded altar of an unknown god here.
You cannot tell which god this altar belongs to.
Convert to them anyway?
Okay, then.
You cannot tell which god this altar belongs to.
Convert to them anyway?
Kikubaaqudgha accepts your prayer! Kikubaaqudgha welcomes you!
You can now receive cadavers from Kikubaaqudgha.
Kikubaaqudgha grants you a gift!
You add the spells Pain, Sublimation of Blood, Animate Skeleton and Vampiric Draining to your library.
Are you sure you want to abandon this character and quit the game? (Confirm with "yes".)
Okay, then.
Unknown command.
Press < or > to pray at altars.
Are you sure you want to abandon this character and quit the game? (Confirm with "yes".)

######### ##.......###
##.P........#
#....♣P.PP..#
#.....P♣P...#
#...PP@P....#
#..P...♣P...#
#...P.♣.....#########
#.............).....#
##
#.........####......#
.#
#........#####......#
.#
#...................#
.#
##........#####......#
.#########.........#
#......###


There were no monsters in sight!

Vanquished Creatures
  2 jackals (D:1)
  A quokka (D:1)
  2 rats (D:1)
5 creatures vanquished.

Vanquished Creatures (collateral kills)
  A ball python (D:1)
  A giant cockroach (D:1)
  A goblin (D:1)
  A hobgoblin (D:1)
  A jackal (D:1)
  2 kobolds (D:1)
  A rat (D:1)
8 creatures vanquished.

Vanquished Creatures (others)
  A plant (D:1)
1 creature vanquished.

Grand Total: 14 creatures vanquished

Notes
Turn   | Place    | Note
-------+----------+-------------------------------------------
     0 | D:1      | lawman0 the Barachi Summoner began the quest for the Orb.
     0 | D:1      | Reached XP level 1. HP: 13/13 MP: 3/3
   167 | D:1      | Reached skill level 5 in Summonings
   349 | D:1      | Reached XP level 2. HP: 14/19 MP: 3/5
   446 | D:1      | Learned a level 2 spell: Call Imp
   742 | D:1      | Found a faded altar of an unknown god.
  1034 | D:1      | Prayed at the altar of an unknown god.
  1034 | D:1      | Became a worshipper of Kikubaaqudgha
  1034 | D:1      | Reached * piety under Kikubaaqudgha
  1034 | D:1      | Received a gift from Kikubaaqudgha
  1035 | D:1      | Quit the game

Illustrated notes

Levels and vault maps discovered:
D:1:      tarquinn_simple_flora_water_f, layout_rooms,
          dreamdust_ecumenical_altar_grove, nicolae_figureground_sparkle

Skill      XL: |  1 |
---------------+----+-----
Summonings     | 5 |  5.3
Dodging        | |  2.1
Stealth        | |  1.7
Spellcasting   | |  2.5

Action                   || total
-------------------------++-------
Melee: Unarmed           ||    11
       Club              ||    20
 Cast: Summon Small Mamm ||    17
Armor: Robe              ||     7
Dodge: Dodged            ||    29

Table legend: (Time is in decaauts)
 A = Elapsed time spent in this place.
 B = Non-inter-level travel time spent in this place.
 C = Inter-level travel time spent in this place.
 D = Time resting spent in this place.
 E = Time spent auto-exploring this place.
 F = Levels seen in this place.
 G = Mean time per level.
                   A        B        C        D        E       F      G
               +--------+--------+--------+--------+--------+-----+--------+
         Total |   1135 |   1103 |     32 |      7 |    940 |   1 | 1135.0 |
       Dungeon |   1135 |   1103 |     32 |      7 |    940 |   1 | 1135.0 |
               +--------+--------+--------+--------+--------+-----+--------+

Top non-repeatable levels by time:
     D:1: 1135 daAuts
